 Dungeon Crawl Stone Soup version 0.32-a0-540-g866d13106e (webtiles) character file.

Game seed: 10990688547516680789

350424 Strat the Slayer (level 21, -31/313 HPs)
             Began as a Mountain Dwarf Fighter on Feb 28, 2024.
             Was a High Priest of Okawaru.
             Annihilated by Vv (55 damage)
             ... on level 2 of the Depths.
             The game lasted 02:21:33 (51835 turns).

Strat the Slayer (Mountain Dwarf Fighter)          Turns: 51835, Time: 02:21:34

Health: -31/313    AC: 31    Str: 31    XL:     21   Next: 27%
Magic:  38/41      EV: 14    Int: 12    God:    Okawaru [*****.]
Gold:   2468       SH: 14    Dex: 14    Spells: 17/35 levels left

rFire   + . .        b - +8 mithril axe "Arga" {speed, Will+}
rCold   . . .        j - +0 kite shield
rNeg    . . .        c - +8 chain mail of the Northern Lights {Rampage rF+ Stlth-}
rPois   +            M - +2 hat
rElec   .            k - +0 cloak
rCorr   .            g - +0 pair of gloves {Dex+3}
SInv    +            O - +0 pair of boots {Stlth+}
Will    ++++.        w - amulet of regeneration Stlth
                     U - ring of see invisible
HPRegen 1.52/turn    n - ring "Emnoif" {^Drain rPois Will+ MP+9 Str+6 Slay+2}
MPRegen 0.27/turn

%: rampage
@: mighty, berserking (expiring), heroic, studying Unarmed Combat, very quick
A: runic magic, artefact enchanting
}: 2/15 runes: decaying, gossamer
a: Renounce Religion, Heroism, Finesse, Duel


You were on level 2 of the Depths.
You worshipped Okawaru.
Okawaru was extremely pleased with you.
You visited 8 branches of the dungeon, and saw 37 of its levels.
You also visited: Bailey.

You collected 4646 gold pieces.
You spent 2178 gold pieces at shops.

Inventory:

Hand Weapons
 a - a +2 broad axe of flaming
 b - the +8 mithril axe "Arga" (weapon) {speed, Will+}
   (You acquired it on level 12 of the Dungeon)

   Will+:     It increases your willpower.
 X - the +9 sling of the Ghostly God {heavy, *Slow Fly rElec rCorr}
   (You bought it in a shop on level 2 of the Orcish Mines)

   rElec:     It insulates you from electricity.
   Fly:       It grants you flight.
   rCorr:     It protects you from acid and corrosion.
   *Slow:     It may slow you when you take damage.
Missiles
 q - 13 curare-tipped darts (quivered)
 A - 16 javelins
 E - 3 throwing nets
 H - 11 silver javelins
 N - 15 atropa-tipped darts
 Y - 5 darts of dispersal
 Z - 3 datura-tipped darts
Armour
 c - the +8 chain mail of the Northern Lights (worn) {Rampage rF+ Stlth-}
   (You found it on level 15 of the Dungeon)

   rF+:       It protects you from fire.
   Rampage:   It bestows one free step when moving towards enemies.
   Stlth-:    It makes you less stealthy.
 g - a +0 pair of gloves of dexterity (worn)
 j - a +0 kite shield (worn)
 k - a +0 cloak (worn)
 M - a +2 hat (worn)
 O - a +0 pair of boots of stealth (worn)
Jewellery
 n - the ring "Emnoif" (right hand) {^Drain rPois Will+ MP+9 Str+6 Slay+2}
   (You bought it in a shop on level 1 of the Vaults)

   [ring of magical power]

   Str+6:     It affects your strength (+6).
   Slay+2:    It affects your accuracy & damage with ranged weapons and melee
   (+2).
   rPois:     It protects you from poison Will+: It increases your willpower.
   MP+9:      It affects your magic capacity (+9).
   ^Drain:    It drains your maximum health when unequipped.
 o - a ring of fire
 t - an amulet of guardian spirit
 w - an amulet of regeneration (around neck)
 z - a ring of resist corrosion
 C - a ring of protection from cold
 Q - a ring of poison resistance
 U - a ring of see invisible (left hand)
Wands
 d - a wand of flame (78)
 p - a wand of warping (35)
 x - a wand of polymorph (20)
 y - a wand of mindburst (9)
 V - a wand of digging (11)
Scrolls
 e - 5 scrolls of enchant armour
 h - 8 scrolls of poison
 l - 5 scrolls of blinking
 m - 6 scrolls of fog
 r - 6 scrolls of enchant weapon
 u - a scroll of fear
 v - a scroll of amnesia
 B - a scroll of identify
 F - 3 scrolls of revelation
 G - 4 scrolls of brand weapon
 I - 9 scrolls of teleportation
 R - a scroll of silence
Potions
 f - 3 potions of heal wounds
 i - 7 potions of curing
 s - 8 potions of ambrosia
 D - 3 potions of cancellation
 J - 4 potions of brilliance
 K - 3 potions of magic
 S - a potion of attraction
 T - 2 potions of mutation


   Skills:
 + Level 22.7(27) Fighting
 - Level 18.0(23.0) Axes
 + Level 8.9(13.9) Throwing
 - Level 16.5(21.5) Armour
 - Level 6.1(11.1) Dodging
 - Level 13.0(18.0) Shields
 - Level 7.6 Spellcasting
 + Level 2.3 Hexes
 + Level 7.2 Translocations
 - Level 12.5 Alchemy
 - Level 8.0 Invocations
 - Level 7.0 Evocations


You had 17 spell levels left.
You knew the following spells:

 Your Spells              Type           Power      Damage    Failure   Level
a - Olgreb's Toxic Radia  Alch           34%        N/A       1%          4
b - Apportation           Tloc           44%        N/A       1%          1
c - Alistair's Intoxicat  Alch           22%        N/A       3%          5
d - Passage of Golubria   Tloc           22%        N/A       12%         4
e - Dimensional Bullseye  Hex/Tloc       8%         N/A       32%         4

Your spell library contained the following spells:

 Spells                   Type           Power      Damage    Failure   Level
 Sting                    Conj/Alch      76%        1d7       1%          1
 Mercury Vapours          Alch/Air       38%        N/A       2%          2
 Cigotuvi's Dreadful Rot  Necr/Alch/Air  28%        N/A       6%          2
 Jinxbite                 Hex            20%        N/A       14%         2
 Sticky Flame             Fire/Alch      19%        2d6       19%         4
 Eringya's Noxious Bog    Alch           17%        4d6       22%         6
 Shock                    Conj/Air       16%        1d4       24%         1
 Sigil of Binding         Hex            10%        N/A       26%         3
 Yara's Violent Unravell  Hex/Alch       11%        3d6       30%         5
 Inner Flame              Hex/Fire       7%         N/A       41%         3
 Iskenderun's Mystic Bla  Conj/Tloc      13%        2d5       45%         4
 Vhi's Electric Charge    Tloc/Air       26%        N/A       45%         4
 Swiftness                Air            4%         N/A       56%         3
 Airstrike                Air            2%         2d(1-17)  93%         4
 Dispel Undead            Necr           4%         3d7       93%         4
 Flame Wave               Conj/Fire      4%         2d5       93%         4
 Arcjolt                  Conj/Air       2%         1d12      100%        5
 Plasma Beam              Fire/Air       2%         2x1d12    100%        6
 Orb of Destruction       Conj           2%         9d5       100%        7
 Ozocubu's Refrigeration  Ice            2%         4d7       100%        7
 Discord                  Hex            5%         N/A       100%        8
 Ignition                 Fire           2%         3d3       100%        8
 Lehudib's Crystal Spear  Conj/Erth      2%         10d2      100%        8
 Tukima's Dance           Hex            Unusable   N/A       N/A         3
 Call Canine Familiar     Summ           Unusable   N/A       N/A         3
 Summon Forest            Summ/Tloc      Unusable   N/A       N/A         5
 Martyr's Knell           Necr/Summ      Unusable   N/A       N/A         4
 Summon Blazeheart Golem  Fire/Summ      Unusable   N/A       N/A         4
 Death Channel            Necr           Unusable   N/A       N/A         6
 Spellforged Servitor     Conj/Summ      Unusable   N/A       N/A         7
 Summon Hydra             Summ           Unusable   N/A       N/A         7

Dungeon Overview and Level Annotations

Branches:
Dungeon (15/15)            Temple (1/1) D:7            Lair (5/5) D:10
  Swamp (4/4) Lair:3       Spider (4/4) Lair:2        Slime (0/5) Lair:5
    Orc (2/2) D:12            Elf (0/3) Orc:2        Vaults (4/5) D:13
  Crypt (0/3) Vaults:2     Depths (2/4) D:15         Bailey (visited)

Altars:
Ashenzari
Cheibriados
Dithmenos
Elyvilon
Fedhas
Gozag
Hepliaklqana
Kikubaaqudgha
Makhleb
Nemelex Xobeh
Okawaru
Qazlal
Ru
Sif Muna
Trog
Uskayaw
Vehumet
Wu Jian
Xom
Yredelemnul
Zin
The Shining One
Jiyva

Shops:
D:11 *   Orc:2 ([[*[   Vaults:1 ([(=?   Vaults:2 ?

Portals:
Hell: Depths:1 Depths:2
Abyss: Depths:1 Depths:2
Pandemonium: Depths:2

Annotations:
D:7 3 runed translucent doors, AutarchDCSS's ghost, novice DrHs
D:8 Gastronok; Jeremiah
D:9 1 runed translucent door
D:13 4 transporters
Swamp:1 Roxanne
Swamp:2 Nikola
Vaults:1 36 runed translucent doors
Vaults:2 2 transporters, exclusion: orange crystal statue
Vaults:4 36 runed translucent doors
Depths:2 Vv


Innate Abilities, Weirdness & Mutations

Your spellcasting is much less encumbered by armour.
You can use scrolls of enchantment on lesser artefacts.


Message History

Vv is heavily damaged.
You barely miss Vv.
Vv is heavily damaged.
You closely miss Vv.
Vv is heavily damaged.
Vv hits you.
* * * LOW HITPOINT WARNING * * *
Vv freezes you!!
* * * LOW HITPOINT WARNING * * *
Vv closely misses you.
You barely miss Vv.
Vv is heavily damaged.
You slice Vv!!
Vv is severely damaged.
You slash Vv!
Vv is severely damaged.
Vv hits you but does no damage. Vv closely misses you.
You slice Vv like a ripe choko!!!
Vv is severely damaged.
You slash Vv!
Vv is almost destroyed.
You slice Vv!!
Vv is almost destroyed.
You block Vv's attack. Vv hits you!
* * * LOW HITPOINT WARNING * * *
You are engulfed in flames!
You resist.
* * * LOW HITPOINT WARNING * * *
You barely miss Vv.
Vv is almost destroyed.
You hit Vv but do no damage.
Vv is almost destroyed.
You barely miss Vv.
Vv is almost destroyed.
Unknown command.
You slash Vv!
Vv is almost destroyed.
Vv hits you.
* * * LOW HITPOINT WARNING * * *
Vv freezes you!!!
You die...

##.................#.....≈#
##...................##..≈#
#........................≈#
#u?....................#.≈#
#.##.....................≈#
#..............#.........≈#
##............##......#..≈#
###>..<.......#..........≈#
#...........@.^.....##...≈#
#...........9.......##...≈#
###....#...............#.≈#
##.......................≈#
#..................#....#≈#
##.....................##≈#
##)................##C...≈#
#.#......................≈#
#....#............#.##...≈###


You could see Vv.

Vanquished Creatures
  Mennas (Vaults:3)
  Sojobo (Vaults:2)
  Arachne (Spider:2)
  A tentacled monstrosity (Swamp:2)
  Rupert (Orc:1)
  Mlioglotl (Spider:3)
  Jorgrun (Spider:3)
  3 sphinxes
  Asterion (Vaults:3)
  Agnes (D:15)
  3 tengu reavers
  Donald (Vaults:1)
  2 fenstrider witches
  11 vault wardens
  5 fire giants
  3 frost giants
  Louise (D:15)
  6 emperor scorpions
  3 ghost moths (Spider:4)
  2 spectral caustic shrikes (Depths:1)
  2 broodmothers (Spider:3)
  2 orc warlords
  14 ironbound preservers
  2 spriggan defenders (Depths:1)
  10 stone giants
  4 formless jellyfish
  6 ironbound thunderhulks
  9 very ugly things
  8 dire elephants
  3 war gargoyles
  Azrael (D:13)
  6 bunyips
  7 spark wasps
  Snorg (D:11)
  A crystal guardian (Vaults:2)
  5 ettins
  A merfolk impaler (Depths:1)
  3 fire dragons
  11 yaktaur captains
  Fannar (Lair:1)
  8 entropy weavers
  4 shambling mangroves
  2 rakshasas (Depths:1)
  6 vault guards
  11 great orbs of eyes
  3 peacekeepers
  3 ice dragons (Depths:1)
  9 alligators
  7 two-headed ogres
  2 ghost crabs
  A spriggan air mage (Depths:1)
  4 jorogumos
  An ogre mage (D:15)
  16 hydras
  3 catoblepae
  Erica (D:11)
  8 centaur warriors
  9 boulder beetles
  An anaconda (Lair:1)
  4 ironbound frosthearts
  A death knight (Vaults:2)
  2 radroaches
  4 deep troll earth magi (Depths:1)
  15 death yaks
  A deep troll shaman (Depths:1)
  8 demonic crawlers
  A hell hog (Lair:5)
  Urug (Lair:5)
  5 orc high priests (Orc:2)
  4 tengu warriors
  A vampire mage (Vaults:2)
  Sonja (D:13)
  6 hell knights
  2 occultists
  2 skysharks
  Nergalle (D:12)
  A fire crab (Lair:1)
  An iron troll (Depths:1)
  7 pharaoh ants
  7 orb spiders
  3 skeletal warriors (D:12)
  4 glowing orange brains
  3 spriggan druids
  3 sun moths
  Lodul (D:13)
  A goliath frog (Swamp:3)
  6 arcanists
  6 bog bodies
  12 swamp dragons
  44 deep trolls
  A flayed ghost (Depths:2)
  16 orc knights
  A phantasmal warrior (Vaults:3)
  9 ironbound convokers
  4 necromancers
  10 lindwurms
  An oklob plant (Lair:2)
  10 steelbarb worms
  2 deep elf pyromancers
  9 harpies (Vaults:1)
  32 ugly things
  28 wolf spiders
  4 cyclopes
  2 kobold blastminers (Orc:2)
  5 manticores
  Maurice (D:8)
  10 will-o-the-wisps
  16 elephants
  9 black mambas
  3 moths of wrath (Spider:4)
  3 meliai
  A salamander (Lair:4)
  A meliai (shapeshifter) (D:13)
  10 vault sentinels
  17 cane toads
  3 unseen horrors
  7 torpor snails
  2 gargoyles
  A kobold demonologist (D:8)
  6 rime drakes
  14 komodo dragons
  2 freezing wraiths
  30 yaktaurs
  4 tengu conjurers
  4 trolls
  18 polar bears
  6 tyrant leeches
  21 hornets
  25 tarantellas
  20 blink frogs
  2 dream sheep (Lair:5)
  28 jumping spiders
  23 slime creatures
  2 vampires
  2 water elementals
  8 spriggans
  4 wraiths
  15 culicivoras
  5 basilisks
  2 fire elementals (D:13)
  7 wyverns
  48 yaks
  9 wargs
  13 vampire mosquitoes
  68 redbacks
  2 steam dragons
  A swamp worm (shapeshifter) (Vaults:3)
  2 acid dragons
  Menkaure (D:7)
  19 water moccasins
  11 swamp worms
  20 hell hounds
  22 orc warriors
  10 swamp drakes
  2 ice beasts
  14 black bears
  A sky beast (D:6)
  17 ogres
  20 wolves
  6 centaurs
  A lemure (D:7)
  16 kobold brigands
  13 bullfrogs
  8 gnoll sergeants
  6 scorpions
  19 wights
  A killer bee (D:8)
  An electric eel (Lair:3)
  A howler monkey (D:11)
  4 crimson imps (D:3)
  3 bombardier beetles
  4 gnoll boudas
  22 orc priests
  7 hounds
  18 jellies
  Jessica (D:2)
  8 iguanas
  2 sleepcaps
  A hell rat (Lair:1)
  7 orc wizards
  32 gnolls
  14 adders
  A shadow imp (D:7)
  A white imp (D:5)
  2 ufetubi (D:5)
  5 dart slugs
  A ribbon worm (D:2)
  62 orcs
  6 ball pythons
  11 endoplasms
  4 giant cockroaches
  9 goblins
  12 hobgoblins
  38 kobolds
  7 quokkas
  2 bats
  4 frilled lizards
  7 rats
  2 spectral weapons (Vaults:3)
1518 creatures vanquished.

Vanquished Creatures (others)
  A bloated husk (Swamp:2)
  A slime creature (D:13)
  A swamp worm (Swamp:2)
  37 foxfires
40 creatures vanquished.

Grand Total: 1558 creatures vanquished

Notes
Turn   | Place    | Note
-------+----------+-------------------------------------------
     0 | D:1      | Strat the Mountain Dwarf Fighter began the quest for the
                  | Orb.
     0 | D:1      | Reached XP level 1. HP: 19/19 MP: 1/1
    96 | D:1      | Reached XP level 2. HP: 26/26 MP: 2/2
   905 | D:2      | Reached XP level 3. HP: 31/31 MP: 3/3
  1184 | D:2      | Noticed Jessica
  1207 | D:2      | Killed Jessica
  1208 | D:2      | Reached skill level 5 in Axes
  1208 | D:2      | Reached XP level 4. HP: 34/38 MP: 4/4
  1809 | D:3      | Found a shimmering altar of Xom.
  1814 | D:3      | Reached XP level 5. HP: 45/45 MP: 5/5
  1842 | D:3      | Reached XP level 6. HP: 43/52 MP: 6/6
  2017 | D:3      | Reached skill level 4 in Fighting
  2576 | D:4      | Found an ornate altar of the Wu Jian Council.
  3664 | D:5      | Entered Level 5 of the Dungeon
  3697 | D:5      | Reached XP level 7. HP: 22/60 MP: 7/7
  4053 | D:5      | Reached skill level 5 in Fighting
  4053 | D:5      | Reached skill level 5 in Armour
  4553 | D:5      | Found a bloodstained altar of Trog.
  4956 | D:5      | Reached XP level 8. HP: 69/69 MP: 8/8
  5359 | D:6      | Reached skill level 6 in Fighting
  5383 | D:6      | Reached skill level 10 in Axes
  6135 | D:7      | Found a staircase to the Ecumenical Temple.
  6149 | Temple   | Entered the Ecumenical Temple
  6165 | Temple   | Became a worshipper of Warmaster Okawaru
  6205 | D:7      | Found a broken altar of Ashenzari.
  6373 | D:6      | Reached XP level 9. HP: 58/78 MP: 9/9
  6743 | D:7      | Reached skill level 7 in Fighting
  6783 | D:7      | Reached * piety under Okawaru
  6865 | D:7      | Noticed Menkaure
  6869 | D:7      | Killed Menkaure
  6978 | D:7      | Found a sparkling altar of Nemelex Xobeh.
  7065 | D:7      | Found a runed translucent gate.
  7065 | D:7      | Found a runed translucent gate.
  7065 | D:7      | Found a runed translucent gate.
  7068 | D:7      | Noticed AutarchDCSS's ghost (novice DrHs)
  7623 | D:7      | Noticed a brown ugly thing
  7756 | D:8      | Noticed Maurice
  7757 | D:8      | Maurice stole a +4 flail of freezing
  7762 | D:8      | Maurice stole 239 gold
  7763 | D:8      | Maurice stole a ring of fire
  7771 | D:8      | Something stole 7 curare-tipped darts
  7773 | D:8      | Killed Maurice
  7773 | D:8      | Reached ** piety under Okawaru
  7836 | D:8      | Noticed Jeremiah
  7920 | D:8      | Reached skill level 8 in Fighting
  8077 | D:8      | Reached XP level 10. HP: 81/88 MP: 10/10
  8092 | D:8      | Reached *** piety under Okawaru
  8249 | D:8      | Noticed a two-headed ogre
  8454 | D:8      | Noticed Gastronok
  8545 | D:8      | Noticed a centaur warrior
  8556 | D:8      | Killed a centaur warrior
  8664 | D:8      | Noticed a centaur warrior
  8674 | D:8      | Killed a centaur warrior
  8674 | D:8      | Reached **** piety under Okawaru
  8675 | D:8      | Reached skill level 9 in Fighting
  8829 | D:8      | You fall into a shaft and drop 1 floor!
  8970 | D:8      | Killed a two-headed ogre
  9141 | D:8      | Noticed a rust devil
  9649 | D:8      | Reached XP level 11. HP: 94/97 MP: 11/11
  9658 | D:8      | Reached ***** piety under Okawaru
  9749 | D:8      | Reached skill level 15 in Axes
  9968 | D:8      | Found a glowing silver altar of Zin.
  9968 | D:8      | Noticed an angel
 10836 | D:9      | Found a runed translucent door.
 10837 | D:9      | Noticed a deep elf pyromancer
 10888 | D:10     | Entered Level 10 of the Dungeon
 10900 | D:9      | Reached skill level 10 in Fighting
 10900 | D:9      | Reached skill level 10 in Armour
 11010 | D:10     | Found a radiant altar of Vehumet.
 11051 | D:10     | Reached skill level 1 in Invocations
 11063 | D:10     | Reached skill level 1 in Evocations
 11120 | D:10     | Noticed a two-headed ogre
 11132 | D:10     | Killed a two-headed ogre
 11255 | D:10     | Found a staircase to the Lair.
 11372 | D:10     | Found a flagged portal.
 11395 | Bailey   | Entered a bailey
 11556 | Bailey   | Reached skill level 5 in Invocations
 11924 | D:10     | Identified the +4 robe of Patterns {+Blink rF- Int+2
                  | Slay+2}
 12006 | D:10     | Received a gift from Okawaru
 12047 | D:10     | Reached skill level 5 in Evocations
 12326 | D:11     | Identified the +1 ring mail of Privacy {Int+4}
 12401 | D:11     | Noticed a two-headed ogre
 12438 | D:11     | Killed a two-headed ogre
 12455 | D:11     | Noticed a two-headed ogre
 12465 | D:11     | Killed a two-headed ogre
 12557 | D:11     | Found Diefok's General Store.
 12569 | D:11     | Noticed Snorg
 12575 | D:11     | Noticed Erica
 12593 | D:11     | HP: 4/99 [Snorg (2)]
 12595 | D:11     | Killed Snorg
 12596 | D:11     | Reached XP level 12. HP: 6/106 MP: 17/17
 13506 | Lair:1   | Entered Level 1 of the Lair of Beasts
 13592 | Lair:1   | Received a gift from Okawaru
 13644 | Lair:1   | Reached skill level 5 in Shields
 13717 | Lair:1   | Noticed Fannar
 13775 | Lair:1   | Killed Fannar
 13776 | Lair:1   | Reached skill level 11 in Fighting
 14030 | Lair:1   | Learned a level 4 spell: Olgreb's Toxic Radiance
 14237 | Lair:1   | Received a gift from Okawaru
 14532 | Lair:1   | Noticed a death yak
 14555 | Lair:1   | Reached skill level 12 in Fighting
 14851 | Lair:1   | Killed a death yak
 14998 | Lair:1   | Noticed a dire elephant
 14998 | Lair:1   | Noticed a dire elephant
 14998 | Lair:1   | Noticed an anaconda
 15014 | Lair:1   | Killed an anaconda
 15020 | Lair:1   | Received a gift from Okawaru
 15031 | Lair:1   | Killed a dire elephant
 15032 | Lair:1   | Reached XP level 13. HP: 66/119 MP: 17/19
 15091 | Lair:1   | HP: 4/119 [dire elephant (20)]
 15633 | Lair:2   | You fall into a shaft and drop 1 floor!
 15675 | Lair:3   | Reached skill level 1 in Throwing
 16006 | Lair:3   | Reached skill level 13 in Fighting
 16071 | Lair:3   | Reached ****** piety under Okawaru
 16071 | Lair:3   | Received a gift from Okawaru
 16103 | Lair:3   | Acquired a +2 broad axe of flaming
 16103 | Lair:3   | Received a gift from Okawaru
 16108 | Lair:3   | Acquired the +0 helmet of Pene {Dex+6}
 16108 | Lair:3   | Received a gift from Okawaru
 16485 | Lair:3   | Found a staircase to the Swamp.
 17146 | Lair:2   | Received a gift from Okawaru
 17621 | Lair:2   | Found a hole to the Spider Nest.
 17770 | Lair:1   | Killed a dire elephant
 18506 | Lair:4   | Received a gift from Okawaru
 18942 | Lair:4   | Reached XP level 14. HP: 129/129 MP: 20/20
 18953 | Lair:4   | Reached skill level 10 in Shields
 19603 | Lair:5   | Entered Level 5 of the Lair of Beasts
 19754 | Lair:5   | Received a gift from Okawaru
 19952 | Lair:5   | Found a staircase to the Slime Pits.
 19961 | Lair:5   | Found a viscous altar of Jiyva.
 19982 | Lair:5   | Reached skill level 14 in Fighting
 20312 | Lair:5   | Reached skill level 5 in Throwing
 20326 | Lair:5   | Received a gift from Okawaru
 20426 | Lair:5   | Noticed Urug
 20439 | Lair:5   | Killed Urug
 20749 | Lair:5   | Reached skill level 15 in Fighting
 21521 | Lair:5   | Received a gift from Okawaru
 22148 | Lair:5   | Reached XP level 15. HP: 141/141 MP: 21/21
 22807 | Lair:5   | Received a gift from Okawaru
 22848 | Lair:5   | Reached skill level 16 in Fighting
 23297 | D:11     | Killed Erica
 23954 | D:12     | Identified a scroll of acquirement
 23954 | D:12     | Acquired the +8 mithril axe "Arga" {speed, Will+}
 23954 | D:12     | Found the +8 mithril axe "Arga" {speed, Will+}
 24238 | D:12     | Noticed Nergalle
 24267 | D:12     | Killed Nergalle
 24267 | D:12     | Received a gift from Okawaru
 24273 | D:12     | Reached skill level 17 in Fighting
 24276 | D:12     | Found a staircase to the Orcish Mines.
 24375 | Orc:1    | Entered Level 1 of the Orcish Mines
 24482 | Orc:2    | Entered Level 2 of the Orcish Mines
 24549 | Orc:2    | Noticed Rupert
 24591 | Orc:1    | Killed Rupert
 24959 | Orc:2    | Found Typs's Weapon Boutique.
 24963 | Orc:2    | Found a staircase to the Elven Halls.
 25394 | Orc:2    | Received a gift from Okawaru
 25419 | Orc:2    | Reached skill level 18 in Fighting
 25670 | Orc:2    | Found Kukixiadgh's Antique Armour Boutique.
 25670 | Orc:2    | Found Buwag's Antique Armour Boutique.
 25671 | Orc:2    | Found Wynylus's Armour Shop.
 25671 | Orc:2    | Found Telexkal's General Store.
 25681 | Orc:2    | Bought a scroll of teleportation for 33 gold pieces
 26224 | D:13     | Noticed Lodul
 26230 | D:13     | Killed Lodul
 26231 | D:13     | Reached skill level 1 in Dodging
 26231 | D:13     | Reached skill level 1 in Alchemy
 26266 | D:13     | Noticed Azrael
 26325 | D:13     | Killed Azrael
 26395 | D:13     | Received a gift from Okawaru
 26500 | D:13     | Found a gate to the Vaults.
 26586 | D:13     | Found a transporter.
 26588 | D:13     | Found a transporter.
 26592 | D:13     | Found a transporter.
 26711 | D:13     | Noticed Sonja
 26718 | D:13     | Killed Sonja
 27028 | D:13     | Found a transporter.
 27300 | D:14     | Reached XP level 16. HP: 159/159 MP: 22/22
 27764 | D:14     | Received a gift from Okawaru
 28072 | D:15     | Entered Level 15 of the Dungeon
 28677 | D:15     | Noticed Agnes
 28969 | D:15     | Reached skill level 5 in Alchemy
 28992 | D:15     | Killed Agnes
 29046 | D:15     | Identified the +5 chain mail of the Northern Lights
                  | {Rampage rF+ Stlth-}
 29082 | D:15     | Noticed Louise
 29096 | D:15     | Killed Louise
 29298 | D:15     | Found a staircase to the Depths.
 29419 | D:15     | Reached skill level 5 in Dodging
 29584 | Swamp:1  | Entered Level 1 of the Swamp
 29746 | Swamp:1  | Noticed Roxanne
 30249 | Swamp:2  | Received a gift from Okawaru
 30454 | Swamp:2  | Noticed a tentacled monstrosity
 30470 | Swamp:2  | Killed a tentacled monstrosity
 30656 | Swamp:2  | Noticed Nikola
 31095 | Swamp:3  | Received a gift from Okawaru
 31637 | Swamp:3  | Reached skill level 19 in Fighting
 32125 | Swamp:4  | Entered Level 4 of the Swamp
 32266 | Swamp:4  | Received a gift from Okawaru
 32381 | Swamp:3  | Reached XP level 17. HP: 127/168 MP: 23/23
 32429 | Swamp:3  | Paralysed by a hornet for 2 turns
 32733 | Swamp:4  | Received a gift from Okawaru
 32899 | Swamp:4  | Got a decaying rune of Zot
 33537 | Swamp:4  | Received a gift from Okawaru
 33805 | Spider:1 | Entered Level 1 of the Spider Nest
 34007 | Orc:2    | Bought the +8 sling of the Ghostly God {heavy, *Slow Fly
                  | rElec rCorr} for 646 gold pieces
 34284 | Spider:1 | Reached skill level 20 in Fighting
 35033 | Spider:1 | Received a gift from Okawaru
 35234 | Spider:1 | Learned a level 1 spell: Apportation
 35240 | Spider:1 | Learned a level 5 spell: Alistair's Intoxication
 35301 | Spider:1 | You fall into a shaft and drop 1 floor!
 35301 | Spider:2 | Noticed Arachne
 35604 | Spider:1 | Reached skill level 1 in Spellcasting
 36414 | Spider:2 | Killed Arachne
 36414 | Spider:2 | Received a gift from Okawaru
 37067 | Spider:3 | Reached XP level 18. HP: 178/180 MP: 24/24
 37706 | Spider:3 | Noticed Jorgrun
 37718 | Spider:3 | Killed Jorgrun
 37787 | Spider:3 | Noticed Mlioglotl
 37909 | Spider:3 | Received a gift from Okawaru
 37910 | Spider:3 | Reached skill level 5 in Spellcasting
 38021 | Spider:3 | Killed Mlioglotl
 38102 | Spider:3 | Reached skill level 10 in Alchemy
 38323 | Spider:4 | Entered Level 4 of the Spider Nest
 39163 | Spider:4 | Received a gift from Okawaru
 39487 | Spider:4 | Reached skill level 1 in Translocations
 40470 | Spider:4 | Received a gift from Okawaru
 40647 | Spider:4 | Reached skill level 5 in Translocations
 40811 | Spider:4 | Got a gossamer rune of Zot
 41094 | Vaults:1 | Entered Level 1 of the Vaults
 41274 | Vaults:1 | Found a huge runed translucent gate.
 41274 | Vaults:1 | Found a huge runed translucent gate.
 41274 | Vaults:1 | Found a huge runed translucent gate.
 41274 | Vaults:1 | Found a huge runed translucent gate.
 41274 | Vaults:1 | Found a huge runed translucent gate.
 41276 | Vaults:1 | Found a huge runed translucent gate.
 41276 | Vaults:1 | Found a huge runed translucent gate.
 41277 | Vaults:1 | Found a huge runed translucent gate.
 41277 | Vaults:1 | Found a huge runed translucent gate.
 41278 | Vaults:1 | Found a huge runed translucent gate.
 41278 | Vaults:1 | Found a huge runed translucent gate.
 41278 | Vaults:1 | Found a huge runed translucent gate.
 41282 | Vaults:1 | Found a huge runed translucent gate.
 41385 | Vaults:1 | Found a huge runed translucent gate.
 41386 | Vaults:1 | Found a huge runed translucent gate.
 41544 | Vaults:1 | Found a huge runed translucent gate.
 41544 | Vaults:1 | Found a huge runed translucent gate.
 41544 | Vaults:1 | Found a huge runed translucent gate.
 41544 | Vaults:1 | Found a huge runed translucent gate.
 41544 | Vaults:1 | Found a huge runed translucent gate.
 41544 | Vaults:1 | Found a huge runed translucent gate.
 41545 | Vaults:1 | Found a huge runed translucent gate.
 41545 | Vaults:1 | Found a huge runed translucent gate.
 41599 | Vaults:1 | Noticed Donald
 41612 | Vaults:1 | Found a huge runed translucent gate.
 41612 | Vaults:1 | Found a huge runed translucent gate.
 41612 | Vaults:1 | Found a huge runed translucent gate.
 41612 | Vaults:1 | Found a huge runed translucent gate.
 41612 | Vaults:1 | Found a huge runed translucent gate.
 41612 | Vaults:1 | Found a huge runed translucent gate.
 41612 | Vaults:1 | Found a huge runed translucent gate.
 41612 | Vaults:1 | Found a huge runed translucent gate.
 41612 | Vaults:1 | Found a huge runed translucent gate.
 41612 | Vaults:1 | Found a huge runed translucent gate.
 41612 | Vaults:1 | Found a huge runed translucent gate.
 41612 | Vaults:1 | Found a huge runed translucent gate.
 41612 | Vaults:1 | Found a huge runed translucent gate.
 41713 | Vaults:1 | Found Uworhon's Magic Scroll Emporium.
 41719 | Vaults:1 | Bought a scroll of fog for 68 gold pieces
 41719 | Vaults:1 | Bought a scroll of fog for 68 gold pieces
 41719 | Vaults:1 | Bought a scroll of blinking for 127 gold pieces
 41719 | Vaults:1 | Bought a scroll of enchant armour for 127 gold pieces
 41719 | Vaults:1 | Bought a scroll of enchant weapon for 127 gold pieces
 41720 | Vaults:1 | Found Bidyen's Antique Weapon Shop.
 41890 | Vaults:1 | Reached XP level 19. HP: 172/187 MP: 28/28
 41906 | Vaults:1 | Received a gift from Okawaru
 42281 | Vaults:1 | Found Kalloub's Weapon Emporium.
 42284 | Vaults:1 | Found Xovoj's Antique Armour Boutique.
 42313 | Vaults:1 | Got the Handbook of the Inflammable Anticline
 42339 | Vaults:1 | Found Wumuigre's Jewellery Boutique.
 42342 | Vaults:1 | Bought the ring "Emnoif" {^Drain rPois Will+ MP+9 Str+6
                  | Slay+2} for 626 gold pieces
 42549 | Vaults:1 | Killed Donald
 42723 | Vaults:1 | Identified the +1 chain mail of Xom's Righteous Anger
                  | {+Blink rPois}
 43187 | Vaults:2 | Noticed Sojobo
 43198 | Vaults:2 | Paralysed by an air elemental for 1 turns
 43204 | Vaults:2 | Paralysed by an air elemental for 1 turns
 43212 | Vaults:2 | Paralysed by an air elemental for 1 turns
 43227 | Vaults:2 | Killed Sojobo
 43361 | Vaults:2 | Received a gift from Okawaru
 43414 | Vaults:2 | Identified the +0 leather armour of the Valley of Death
                  | {Int+3}
 43604 | Vaults:2 | Reached skill level 21 in Fighting
 43782 | Vaults:2 | Found a staircase to the Crypt.
 44081 | Vaults:2 | Learned a level 4 spell: Passage of Golubria
 44086 | Vaults:2 | Learned a level 4 spell: Dimensional Bullseye
 44161 | Vaults:2 | Received a gift from Okawaru
 44436 | Vaults:2 | Found Vehunoba's Magic Scroll Emporium.
 44478 | Vaults:2 | Bought a scroll of blinking for 127 gold pieces
 44478 | Vaults:2 | Bought a scroll of blinking for 127 gold pieces
 44478 | Vaults:2 | Bought a scroll of teleportation for 51 gold pieces
 44478 | Vaults:2 | Bought a scroll of teleportation for 51 gold pieces
 44498 | Vaults:2 | Found a transporter.
 44510 | Vaults:2 | Found a transporter.
 45505 | Vaults:3 | Noticed Asterion
 45655 | Vaults:3 | Killed Asterion
 45655 | Vaults:3 | Received a gift from Okawaru
 45900 | Vaults:3 | Reached skill level 15 in Armour
 46172 | Vaults:3 | Noticed Mennas
 46199 | Vaults:3 | Killed Mennas
 46200 | Vaults:3 | Reached XP level 20. HP: 163/199 MP: 29/29
 46320 | Vaults:3 | Paralysed by a formless jellyfish for 1 turns
 46555 | Vaults:4 | Found a huge runed translucent gate.
 46555 | Vaults:4 | Found a huge runed translucent gate.
 46555 | Vaults:4 | Found a huge runed translucent gate.
 46555 | Vaults:4 | Found a huge runed translucent gate.
 46555 | Vaults:4 | Found a huge runed translucent gate.
 46555 | Vaults:4 | Found a huge runed translucent gate.
 46556 | Vaults:4 | Found a huge runed translucent gate.
 46556 | Vaults:4 | Found a huge runed translucent gate.
 46556 | Vaults:4 | Found a huge runed translucent gate.
 46556 | Vaults:4 | Found a huge runed translucent gate.
 46556 | Vaults:4 | Found a huge runed translucent gate.
 46557 | Vaults:4 | Found a huge runed translucent gate.
 46558 | Vaults:4 | Found a huge runed translucent gate.
 46560 | Vaults:4 | Found a huge runed translucent gate.
 46561 | Vaults:4 | Found a huge runed translucent gate.
 46561 | Vaults:4 | Found a huge runed translucent gate.
 46576 | Vaults:4 | Found a huge runed translucent gate.
 46577 | Vaults:4 | Found a huge runed translucent gate.
 46578 | Vaults:4 | Found a huge runed translucent gate.
 46579 | Vaults:4 | Found a huge runed translucent gate.
 46579 | Vaults:4 | Found a huge runed translucent gate.
 46585 | Vaults:4 | Found a huge runed translucent gate.
 46870 | Vaults:4 | Reached skill level 22 in Fighting
 47178 | Vaults:4 | Received a gift from Okawaru
 47603 | Vaults:4 | Found a huge runed translucent gate.
 47603 | Vaults:4 | Found a huge runed translucent gate.
 47603 | Vaults:4 | Found a huge runed translucent gate.
 47603 | Vaults:4 | Found a huge runed translucent gate.
 47603 | Vaults:4 | Found a huge runed translucent gate.
 47603 | Vaults:4 | Found a huge runed translucent gate.
 47603 | Vaults:4 | Found a huge runed translucent gate.
 47603 | Vaults:4 | Found a huge runed translucent gate.
 47604 | Vaults:4 | Found a huge runed translucent gate.
 47604 | Vaults:4 | Found a huge runed translucent gate.
 47604 | Vaults:4 | Found a huge runed translucent gate.
 47605 | Vaults:4 | Found a huge runed translucent gate.
 47606 | Vaults:4 | Found a huge runed translucent gate.
 47607 | Vaults:4 | Found a huge runed translucent gate.
 47997 | Vaults:4 | Received a gift from Okawaru
 48349 | Depths:1 | Entered Level 1 of the Depths
 48865 | Depths:1 | Received a gift from Okawaru
 49534 | Depths:1 | Found a gateway to Hell.
 49628 | Depths:1 | Reached XP level 21. HP: 205/209 MP: 32/32
 49808 | Depths:1 | Found a one-way gate to the infinite horrors of the Abyss.
 50115 | Depths:1 | Found an iron altar of Okawaru.
 50289 | Depths:2 | Noticed Vv
 50303 | Depths:1 | Received a gift from Okawaru
 50753 | Depths:2 | Found a one-way gate leading to the halls of Pandemonium.
 50928 | Depths:2 | Reached skill level 1 in Hexes
 51835 | Depths:2 | Annihilated by Vv

Illustrated notes

Levels and vault maps discovered:
D:1:      mushboom_english_gardens, layout_loops_ring, serial_forest,
          infiniplex_forest_lined_room_2, infiniplex_forest_clump_C,
          infiniplex_forest_end_1, infiniplex_forest_diagonal,
          infiniplex_forest_clump_medium, infiniplex_forest_lined_1,
          infiniplex_forest_end_double
D:2:      layout_basic, serial_bayou_pond_b, minmay_tromino_i2, uniq_jessica
D:3:      layout_basic, led_xom_imps
D:4:      layout_loops_corners, nicolae_wu_jian_wuxing_cycle
D:5:      minmay_diamond_boxcup, layout_basic, trog_hazing_becter
D:6:      layout_rooms
D:7:      layout_loops_ring, nicolae_overflow_hidden_temple,
          nemelex_diamond_rough_becter, minmay_temple_entry_drinking_statues,
          gammafunk_ghost_split, wad_mini_maze, uniq_menkaure, uniq_pikel
D:8:      layout_loops_ring, zin_angel, special_room [special_room_kobold],
          minmay_three_doors, uniq_jeremiah, uniq_maurice, uniq_gastronok
D:9:      minmay_evil_eye, layout_small_grid, amcnicky_mini_corridor_feature,
          minivault_13
D:10:     layout_stronghold, mainiacjoe_overflow_alcove_2, dpeg_lair_monsters,
          enter_bailey_3
D:11:     layout_loops_corners, serial_shops, shop, uniq_snorg, uniq_erica
D:12:     layout_rooms, orc_0_dummy, serial_library,
          serial_library_hellmonk_open_square,
          serial_library_hellmonk_semicircle, serial_library_hellmonk_hallway_a,
          serial_library_hellmonk_semicircle, uniq_nergalle
D:13:     layout_basic, david_vaults_2, nicolae_transporter_circle, uniq_lodul,
          uniq_sonja, uniq_azrael
D:14:     layout_irregular_city, serial_column_ruins, column_ruins_hut_ruined,
          column_ruins_square_medium, column_ruins_open_tiny,
          column_ruins_corridor_corner, column_ruins_open_large,
          column_ruins_corridor_straight, column_ruins_grid_1
D:15:     hangedman_depths_entry_civil_slaughter, layout_grid_maze,
          minmay_misc_feat_roman, uniq_louise, uniq_agnes
Temple:   eino_wide_crystal_templ
Lair:1:   layout_chaotic_city, nicolae_lair_lakeside_cave, lemuel_fruit_tree,
          infiniplex_staircase_pool_2, uniq_fannar
Lair:2:   nzn_winding_woodlands_cross [nzn_winding_woodlands_5x15_twine,
          nzn_winding_woodlands_5x15_pool,
          nzn_winding_woodlands_5x15_sidewinder,
          nzn_winding_woodlands_5x15_parted,
          nzn_winding_woodlands_15x15_thick_spiral], layout_chaotic_city,
          nicolae_spider_entry_lesser_pyramids, serial_bayou_pond_a,
          minmay_holes, minmay_lair_oklob_bushes
Lair:3:   layout_layer_cave, minmay_swamp_entry_worms, serial_bayou_shore_a,
          grunt_megastairs_4, infiniplex_staircase_pool, lemuel_fruit_fields
Lair:4:   layout_gridlike
Lair:5:   hangedman_lair_caniforms_friends, layout_regular_city,
          hangedman_lair_in_review, minmay_slime_entry_jelly_boxes,
          grunt_megastairs_3, uniq_urug
Swamp:1:  layout_basic_swamp, evilmike_swamp_ruin_rubble_1, uniq_roxanne
Swamp:2:  layout_basic_swamp, nicolae_swamp_feature_on_the_river_bank,
          swamp_pool_1_2, nicolae_swamp_spooky_pond, uniq_nikola
Swamp:3:  layout_falls_marsh, hangedman_swamp_pad
Swamp:4:  swamp_alternative, layout_basic_swamp, swamp_pool_5
Spider:1: layout_spider_delve
Spider:2: layout_spider_delve, nicolae_spider_rock_and_or_roll, uniq_arachne
Spider:3: layout_spider_delve, uniq_jorgrun, uniq_mlioglotl
Spider:4: spider_rune_water, hangedman_spider_tarantella_strand
Orc:1:    layout_caves
Orc:2:    st_orc_pillars, layout_caves, serial_shops, shop, uniq_rupert
Vaults:1: not_door_vault_due, v_misc_13, nicolae_vaults_little_squares_4,
          v_misc_30, nicolae_vaults_network_periphery, vaults_mumra_chevron,
          nicolae_vaults_wine_cellar, grunt_vaults_hallway_long,
          hangedman_vaults_trim, layout_vaults_ring, serial_shops,
          nicolae_square_shop, nicolae_square_shop, shop, shop,
          nicolae_shop_behind_doors, uniq_donald
Vaults:2: minmay_crypt_entry_simple_walls, vaults_room_pools,
          gammafunk_sealed_arena, vaults_mumra_minichess_inversion,
          nicolae_vaults_sesquioval_fish, nicolae_vaults_house_1,
          grunt_vaults_diagonal, nicolae_vaults_trapezoid_2,
          ontoclasm_vaults_twist, nicolae_vaults_more_shelving_2, v_misc_9,
          nicolae_vaults_offset_grid_hallway_2, nicolae_vaults_trapezoid_1,
          nicolae_vaults_what_the_h, ontoclasm_vaults_fault,
          layout_vaults_big_cross, serial_shops, shop, uniq_sojobo
Vaults:3: hangedman_vaults_stream, nicolae_vaults_house_2,
          hangedman_vaults_variations, ontoclasm_vaults_claustrophobia,
          nicolae_vaults_house_3, nicolae_vaults_mini_display_case,
          nicolae_vaults_ellipses_ellipsis, vaults_room_fours, v_misc_24,
          kb_rosetta, vaults_standard_mumra_lines, vaults_dpeg_hooks,
          layout_vaults_omnibox, uniq_mennas, uniq_asterion
Vaults:4: nicolae_vaults_trapezoid_2, ontoclasm_vaults_chip, door_vault,
          vaults_room_ringed_pool, nicolae_vaults_disjoint_gnomons,
          nicolae_vaults_closet_pinwheel_4, nicolae_vaults_network_star,
          v_alt_pattern_6, nicolae_vaults_yaktaur_gun_rack,
          vaults_dpeg_encased_lava, nicolae_vaults_diamond_1,
          nicolae_vaults_specimen_jars, layout_vaults_maze
Depths:1: layout_twisted_cross, pf_hell_entry_tar_river, abyss_entry,
          kennysheep_okawaru_gauntlet, roderic_lattice_octagonal_star
Depths:2: lemuel_traditional_vault, layout_cave_shapes,
          hangedman_abyss_entry_splay, hell_entry, pan_entry, uniq_vv

Skill      XL: |  1  2  3  4  5  6  7  8  9 10 11 12 13 14 15 16 17 18 19 20 21 |
---------------+----------------------------------------------------------------+-----
Axes           | 3 4 5 6 7 9 10 12 14 16 18 | 18.0
Fighting       | 4 5 6 8 9 10 12 13 15 18 19 20 21 22 | 22.7
Armour         | 4 5 6 8 9 10 12 15 16 | 16.5
Invocations    | 7 8 |  8.0
Evocations     | 6 7 |  7.0
Shields        | 8 9 12 13 | 13.0
Throwing       | 3 5 6 8 |  8.9
Dodging        | 3 6 |  6.1
Alchemy        | 3 7 8 11 12 | 12.5
Spellcasting   | 3 6 7 |  7.6
Translocations | 5 6 7 |  7.2
Hexes          | 2 |  2.3

Action                     |  1- 3 |  4- 6 |  7- 9 | 10-12 | 13-15 | 16-18 | 19-21 || total
---------------------------+-------+-------+-------+-------+-------+-------+-------++-------
  Melee: War axe           |   101 |   177 |   365 |   800 |   147 |       |       ||  1590
         Broad axe         |       |       |       |       |  1300 |  1734 |  1455 ||  4489
         Unarmed           |       |       |       |       |       |     5 |       ||     5
  Throw: Dart              |       |       |     4 |    10 |    35 |    22 |     4 ||    75
         Throwing net      |       |       |       |     1 |       |       |       ||     1
         Javelin           |       |       |       |       |       |     4 |       ||     4
   Cast: Olgreb's Toxic Ra |       |       |       |       |       |    64 |    93 ||   157
         Alistair's Intoxi |       |       |       |       |       |       |     3 ||     3
         Apportation       |       |       |       |       |       |       |     1 ||     1
 Invoke: Heroism           |       |       |       |     6 |     7 |    12 |    13 ||    38
         Finesse           |       |       |       |     1 |     1 |     2 |     4 ||     8
         Receive Weapon    |       |       |       |       |     1 |       |       ||     1
         Receive Armour    |       |       |       |       |     1 |       |       ||     1
  Evoke: Wand              |       |       |     4 |    13 |     3 |    12 |     5 ||    37
    Use: Scroll            |       |     8 |     5 |     8 |    14 |    17 |     5 ||    57
         Potion            |       |     2 |       |     3 |     1 |    13 |     5 ||    24
   Stab: Sleeping          |     2 |     8 |     2 |     2 |     5 |       |       ||    19
         Distracted        |       |       |     1 |     1 |     6 |       |       ||     8
         Held in net/web   |       |       |       |     4 |       |       |       ||     4
 Armour: Scale mail        |    11 |       |       |       |       |       |       ||    11
         Chain mail        |    69 |       |       |       |       |  1282 |   757 ||  2108
         Shadow dragon sca |    10 |   139 |   310 |   671 |   946 |    59 |       ||  2135
         Skin              |       |       |       |       |       |     1 |       ||     1
  Dodge: Dodged            |    34 |    58 |   127 |   244 |   317 |   522 |   323 ||  1625
  Block: Buckler           |    16 |    28 |    56 |   120 |       |       |       ||   220
         Kite shield       |       |       |       |    51 |   666 |   848 |   511 ||  2076

Table legend: (Time is in decaauts)
 A = Elapsed time spent in this place.
 B = Non-inter-level travel time spent in this place.
 C = Inter-level travel time spent in this place.
 D = Time resting spent in this place.
 E = Time spent auto-exploring this place.
 F = Levels seen in this place.
 G = Mean time per level.
                   A        B        C        D        E       F      G
               +--------+--------+--------+--------+--------+-----+--------+
         Total |  50157 |  47457 |   2700 |   9718 |  22854 |  38 | 1319.9 |
       Dungeon |  18212 |  17228 |    984 |   2670 |   9522 |  15 | 1214.1 |
        Temple |     32 |     17 |     15 |      0 |      0 |   1 |   32.0 |
          Lair |  10214 |   9618 |    596 |   2043 |   4172 |   5 | 2042.8 |
         Swamp |   4171 |   3996 |    175 |   1054 |   1624 |   4 | 1042.8 |
   Spider Nest |   5818 |   5502 |    316 |   1599 |   2260 |   4 | 1454.5 |
  Orcish Mines |   1751 |   1527 |    224 |    138 |    845 |   2 |  875.5 |
        Vaults |   6622 |   6426 |    196 |   1113 |   3522 |   4 | 1655.5 |
        Depths |   3066 |   2875 |    191 |   1069 |    848 |   2 | 1533.0 |
        Bailey |    267 |    267 |      0 |     28 |     59 |   1 |  267.0 |
               +--------+--------+--------+--------+--------+-----+--------+

Top non-repeatable levels by time:
  Lair:5: 3228 daAuts
Spider:4: 2265 daAuts
  Lair:2: 2202 daAuts
     D:8: 2088 daAuts
  Lair:1: 2018 daAuts
Depths:1: 1992 daAuts
Vaults:1: 1833 daAuts
Vaults:2: 1785 daAuts
    D:15: 1613 daAuts
Vaults:3: 1560 daAuts
     D:5: 1557 daAuts
  Lair:3: 1536 daAuts
    D:11: 1498 daAuts
Vaults:4: 1443 daAuts
Spider:3: 1425 daAuts
